 Dungeon Crawl Stone Soup version 0.25-a0-404-gc1b5a34292 (webtiles) character file.

Game seed: 4873432911385147621, levelgen mode: deterministic

77 kae the Gusty (level 4, 0/33 HPs)
             Began as a Draconian Air Elementalist on Jan 10, 2020.
             Was an Initiate of Vehumet.
             Slain by an orc wizard
             ... wielding a +0 dagger
              (1 damage)
             ... on level 3 of the Dungeon.
             The game lasted 00:02:20 (2330 turns).

kae the Gusty (Draconian Air Elementalist)          Turns: 2330, Time: 00:02:21

Health: 0/33       AC:  6    Str: 10    XL:     4   Next: 13%
Magic:  3/7        EV: 12    Int: 16    God:    Vehumet [......]
Gold:   74         SH:  0    Dex: 12    Spells: 2/8 levels left

rFire    + . .     SeeInvis .   a - +0 falchion
rCold    . . .     Gourm    .   (no shield)
rNeg     . . .     Faith    .   (armour unavailable)
rPois    .         Spirit   .   (helmet restricted)
rElec    .         Reflect  .   (no cloak)
rCorr    .         Harm     .   j - +0 pair of gloves
MR       .....                  (no boots)
Stlth    ++........             (no amulet)
HPRegen  0.11/turn              g - ring of protection from fire
MPRegen  0.10/turn              (no ring)

@: very slightly contaminated
A: unfitting armour, cold-blooded, AC +5
a: Renounce Religion


You were on level 3 of the Dungeon.
You worshipped Vehumet.
Vehumet was noncommittal.
You were hungry.

You visited 1 branch of the dungeon, and saw 3 of its levels.

You collected 74 gold pieces.

Inventory:

Hand Weapons
 a - a +0 falchion (weapon)
Armour
 j - a +0 pair of gloves (worn)
Jewellery
 g - a ring of protection from fire (left hand)
Scrolls
 c - 2 scrolls of identify
 e - a scroll of teleportation
Potions
 d - a potion of cancellation
 f - a potion of might {unknown}
 h - a potion of flight
 i - a potion of agility
 k - a potion of heal wounds
Comestibles
 b - 7 rations


   Skills:
 - Level 1.7 Dodging
 - Level 1.7 Stealth
 + Level 2.6 Spellcasting
 + Level 2.1 Conjurations
 * Level 4.1 Air Magic


You had 2 spell levels left.
You knew the following spells:

 Your Spells              Type           Power        Failure   Level  Hunger
a - Shock                 Conj/Air       ##..         5%          1    #......
b - Static Discharge      Conj/Air       ##......     16%         3    ###....
c - Swiftness             Chrm/Air       #.......     13%         2    ##.....

Your spell library contained the following spells:

 Spells                   Type           Power        Failure   Level  Hunger
 Airstrike                Air            ###.......   34%         4    #####..
 Lightning Bolt           Conj/Air       ##........   83%         5    ######.


Dungeon Overview and Level Annotations

Branches:
Dungeon (3/15)

Altars:
Hepliaklqana
Kikubaaqudgha
Makhleb
Okawaru
Sif Muna
Trog
Uskayaw
Vehumet
The Shining One


Innate Abilities, Weirdness & Mutations

Your plain brown scales are hard. (AC +5)
You cannot fit into any form of body armour.
You are cold-blooded and may be slowed by cold attacks.


Message History

You bump into the rock wall.
You feel less confused. Something hits you.
* * * LOW HITPOINT WARNING * * *
Casting: Shock (safe; 5% risk of failure)
Confirm with . or Enter, or press ? or * to list all spells.
You can't see any susceptible monsters within range! (Use Z to cast anyway.)
Casting: Shock (safe; 5% risk of failure)
Confirm with . or Enter, or press ? or * to list all spells.
You can't see any susceptible monsters within range! (Use Z to cast anyway.)
Casting: Shock (safe; 5% risk of failure)
Confirm with . or Enter, or press ? or * to list all spells.
You miscast Static Discharge.
You are very lightly contaminated with residual magic.
You hear a whooshing sound.
Something hits you.
* * * LOW HITPOINT WARNING * * *
You closely miss something.
Your tail-slap misses something.
Something hits you but does no damage. Something hits you.
You die...

,*,,,,* *,******
,*,,,,*****,,,,..#
,*,,,,,,,,,,,**#.# ,**,,***,,,,,*
#.#
,**,,*,,,,,,,**#.#********#######
,**,,,,,*+*,,,,...,,,,,,,,.......
,**,***,*,*,,**#.#*******,*######
,,,,,,,,,,*,,* #{# *,* #
,,*,***,***,,* #@# *.# #
,,*,***,*<#,,* #.# *.# #
,,*,,,,,*,#..###)########.# #
,,,,,,,,,,#......##.....#.#######
,,*,,,,,,...>....................
*,*+*****###..#.....###.....###.#
,,,,,,,,,,,#..#.#######.....# #.#
,*,,,,,,,,,#.,#.##..........# #..
,*,,,,,,,,,#,,#.#.......#+### #[.


There were no monsters in sight!

Vanquished Creatures
  An orc wizard (D:3)
  A worm (D:3)
  2 dart slugs
  2 orcs (D:3)
  5 bats
  2 giant cockroaches
  6 hobgoblins
  7 jackals (D:1)
  5 kobolds
  3 quokkas (D:3)
  4 frilled lizards
  6 goblins
  8 rats
52 creatures vanquished.

Notes
Turn   | Place    | Note
-------+----------+-------------------------------------------
     0 | D:1      | kae the Draconian Air Elementalist began the quest for the
                  | Orb.
     0 | D:1      | Reached XP level 1. HP: 14/14 MP: 3/3
   306 | D:1      | Reached XP level 2. HP: 8/20 MP: 0/5
   918 | D:1      | Reached XP level 3. HP: 20/26 MP: 6/6
  1424 | D:2      | Found an ancient bone altar of Kikubaaqudgha.
  1424 | D:2      | Found a hide-covered altar of Uskayaw.
  1428 | D:2      | Found a bloodstained altar of Trog.
  1430 | D:2      | Found a radiant altar of Vehumet.
  1430 | D:2      | Found a burning altar of Makhleb.
  1612 | D:2      | Found an iron altar of Okawaru.
  1612 | D:2      | Found a shimmering blue altar of Sif Muna.
  1613 | D:2      | Found a glowing golden altar of the Shining One.
  1617 | D:2      | Became a worshipper of Vehumet
  1710 | D:2      | Found a hazy altar of Hepliaklqana.
  2032 | D:3      | Learned a level 3 spell: Static Discharge
  2035 | D:3      | Learned a level 2 spell: Swiftness
  2127 | D:3      | Reached skill level 4 in Air Magic
  2289 | D:3      | Reached XP level 4. HP: 18/33 MP: 1/7
  2329 | D:3      | HP: 1/33 [something (4)]
  2330 | D:3      | Slain by an orc wizard

Levels and vault maps discovered:
D:1:      wander_arrival_desolate, layout_basic, st_stairs_11
D:2:      layout_loops_ring, grunt_temple_overflow_open,
          nicolae_overflow_hidden_temple, first_ration
D:3:      minmay_chambers_of_twos, layout_basic, corexii_shack

Skill      XL: |  1  2  3 |
---------------+----------+-----
Air Magic      | 4 |  4.1
Conjurations   | 2 |  2.1
Dodging        | |  1.7
Stealth        | |  1.7
Spellcasting   | |  2.6

Action                   |  1- 3 |  4- 6 || total
-------------------------+-------+-------++-------
Melee: Unarmed           |    79 |       ||    79
       Tailslap          |    11 |     3 ||    14
       Falchion          |    37 |    19 ||    56
 Cast: Shock             |    69 |       ||    69
  Use: Scroll            |    12 |       ||    12
       Potion            |     1 |       ||     1
 Stab: Sleeping          |     3 |       ||     3
  Eat: Chunk             |     5 |       ||     5
Armor: Skin              |    41 |    15 ||    56
Dodge: Dodged            |   104 |     8 ||   112
       Rpst.: Falchion   |     8 |     2 ||    10

Table legend:
 A = Non-vault XP
 B = Vault XP
 C = Vault XP percentage of total XP
 D = Non-vault monster count
 E = Vault monster count
 F = Vault count percentage of total count
                 A         B        C        D         E       F
            +---------+---------+-------+---------+---------+-------
      Total |     105 |       5 |   4.5 |      48 |       4 |   7.7
            +---------+---------+-------+---------+---------+-------
        D:1 |      46 |       5 |   9.8 |      26 |       4 |  13.3
        D:2 |      15 |       0 |   0.0 |       8 |       0 |   0.0
        D:3 |      44 |       0 |   0.0 |      14 |       0 |   0.0
            +---------+---------+-------+---------+---------+-------
